 Dungeon Crawl Stone Soup version 0.20-a0-296-gf222164 (webtiles) character file.

12286 Mefis the Thaumaturge (level 11, -5/59 HPs)
             Began as a Deep Elf Wizard on Dec 13, 2016.
             Was a High Priest of Sif Muna.
             Killed by divine providence
             ... invoked by an orc priest
              (13 damage)
             ... on level 11 of the Dungeon on Dec 14, 2016.
             The game lasted 00:47:42 (16583 turns).

Mefis the Thaumaturge (Deep Elf Wizard)            Turns: 16583, Time: 00:47:44

Health: -5/59      AC:  5    Str:  4    XL:     11   Next: 60%
Magic:  4/36       EV: 17    Int: 27    God:    Sif Muna [*****.]
Gold:   723        SH:  0    Dex: 13    Spells: 1/31 levels left

rFire  . . .     SeeInvis +     I - +2 dagger (venom)
rCold  . . .     Gourm    .     p - +2 robe {rN+}
rNeg   + . .     Faith    .     (no shield)
rPois  .         Spirit   .     b - +0 hat
rElec  .         Reflect  .     (no cloak)
rCorr  .         Harm     .     (no gloves)
MR     +....                    (no boots)
Stlth  ++++......               (no amulet)
                                u - +2 ring of evasion
                                y - ring of magical power

@: regenerating (expiring)
A: talons 2, yellow scales 1, see invisible, deformed body
a: Divine Energy, Channel Magic, Forget Spell, Renounce Religion


You were on level 11 of the Dungeon.
You worshipped Sif Muna.
Sif Muna was extremely pleased with you.
You were not hungry.

You visited 2 branches of the dungeon, and saw 12 of its levels.

You collected 723 gold pieces.

Inventory:

Hand Weapons
 I - a +2 dagger of venom (weapon)
Missiles
 f - 3 throwing nets (quivered)
 s - 8 needles of confusion
 L - 49 poisoned needles
Armour
 a - a +0 robe
 b - a +0 hat (worn)
 p - a +2 robe of positive energy (worn)
Jewellery
 u - a +2 ring of evasion (right hand)
 x - an uncursed ring of see invisible
 y - a ring of magical power (left hand)
Wands
 j - a wand of disintegration (8/24)
Scrolls
 h - a scroll of immolation {unknown}
 i - 4 scrolls of magic mapping
 l - a scroll of fear
 n - a scroll of noise
 v - 2 scrolls of recharging
 z - 5 scrolls of remove curse
 A - 5 scrolls of fog
 F - 2 scrolls of enchant armour
 J - 3 scrolls of teleportation {unknown}
 K - 2 scrolls of enchant weapon {unknown}
 M - 2 scrolls of random uselessness {unknown}
 O - a scroll of blinking {unknown}
 V - a scroll of torment {unknown}
Potions
 g - 3 potions of heal wounds
 k - a potion of ambrosia {unknown}
 r - 2 potions of flight {unknown}
 t - 3 potions of cure mutation
 w - 2 potions of degeneration {unknown}
 B - a potion of brilliance {unknown}
 C - 2 potions of curing
 D - a potion of agility {unknown}
 H - 2 potions of might {unknown}
 N - a potion of resistance {unknown}
 P - a potion of berserk rage {unknown}
 S - 2 potions of lignification {unknown}
 W - 2 potions of mutation {unknown}
 Y - 2 potions of cancellation {unknown}
 Z - a potion of magic {unknown}
Books
 c - a book of Minor Magic

   Spells                             Type                      Level
   a - Magic Dart                     Conjuration                  1
   b - Blink                          Translocation                2
   c - Call Imp                       Summoning                    2
   d - Repel Missiles                 Charms/Air                   2
   e - Slow                           Hexes                        2
   f - Conjure Flame                  Conjuration/Fire             3
   g - Mephitic Cloud                 Conjuration/Poison/Air       3
 e - a book of the Tempests

   Spells                             Type                      Level
   a - Static Discharge               Conjuration/Air              3
   b - Lightning Bolt                 Conjuration/Air              5
   c - Fireball                       Conjuration/Fire             5
   d - Tornado                        Air                          9
   e - Shatter                        Earth                        9
 G - a book of Changes

   Spells                             Type                      Level
   a - Beastly Appendage              Transmutation                1
   b - Sticks to Snakes               Transmutation                2
   c - Spider Form                    Transmutation/Poison         3
   d - Ice Form                       Ice/Transmutation            4
   e - Blade Hands                    Transmutation                5
 R - a book of Debilitation

   Spells                             Type                      Level
   a - Corona                         Hexes                        1
   b - Slow                           Hexes                        2
   c - Gell's Gravitas                Hexes/Translocation          3
   d - Inner Flame                    Hexes/Fire                   3
   e - Cause Fear                     Hexes                        4
   f - Leda's Liquefaction            Hexes/Earth                  4
 T - Mirchoerui's Handbook of Summoning
   (Sif Muna gifted it to you on level 11 of the Dungeon)

   Spells                             Type                      Level
   a - Summon Guardian Golem          Hexes/Summoning              3
   b - Summon Ice Beast               Ice/Summoning                4
   c - Summon Mana Viper              Hexes/Summoning              5
   d - Summon Demon                   Summoning                    5
   e - Spellforged Servitor           Conjuration/Summoning        7
 U - a book of Battle

   Spells                             Type                      Level
   a - Infusion                       Charms                       1
   b - Shroud of Golubria             Charms/Translocation         2
   c - Song of Slaying                Charms                       2
   d - Spectral Weapon                Hexes/Charms                 3
   e - Regeneration                   Charms/Necromancy            3
 X - Huqalef's Tome of Toxins
   (Sif Muna gifted it to you on level 9 of the Dungeon)

   Spells                             Type                      Level
   a - Sting                          Conjuration/Poison           1
   b - Mephitic Cloud                 Conjuration/Poison/Air       3
   c - Ignite Poison                  Fire/Transmutation/Poison    3
   d - Olgreb's Toxic Radiance        Poison                       4
   e - Poisonous Cloud                Conjuration/Poison/Air       5
   f - Venom Bolt                     Conjuration/Poison           5
   g - Poison Arrow                   Conjuration/Poison           6
Comestibles
 d - 7 bread rations
 m - 2 meat rations
 q - a royal jelly
 E - 7 beef jerkies
 Q - 3 slices of pizza


   Skills:
 + Level 2.8 Fighting
 + Level 6.2 Dodging
 + Level 7.6 Stealth
 * Level 10.8 Spellcasting
 + Level 6.0 Conjurations
 + Level 5.9 Hexes
   Level 6.9 Summonings
 + Level 3.1 Necromancy
 + Level 5.9 Translocations
   Level 2.3 Ice Magic
 - Level 3.6 Air Magic
 * Level 6.1 Poison Magic
 + Level 5.0 Invocations
 + Level 4.4 Evocations


You had one spell level left.
You knew the following spells:

 Your Spells              Type           Power        Failure   Level  Hunger
a - Sting                 Conj/Pois      ####         1%          1    None
c - Blink                 Tloc           N/A          1%          2    None
e - Mephitic Cloud        Conj/Pois/Air  #####...     1%          3    None
g - Slow                  Hex            #####...     1%          2    None
i - Repel Missiles        Chrm/Air       ###...       2%          2    None
j - Cause Fear            Hex            #####.....   3%          4    None
o - Shroud of Golubria    Chrm/Tloc      ####......   1%          2    None
p - Regeneration          Chrm/Necr      ###.......   10%         3    None
q - Ignite Poison         Fire/Tmut/Pois ####....     6%          3    None
s - Venom Bolt            Conj/Pois      #####.....   12%         5    ###....
w - Inner Flame           Hex/Fire       ####....     3%          3    None


Dungeon Overview and Level Annotations

Branches:
Dungeon (11/15)            Temple (1/1) D:4            Lair (0/6) D:8
    Orc: D:9-12

Altars:
Ashenzari
Cheibriados
Dithmenos
Elyvilon
Fedhas
Gozag
Hepliaklqana
Kikubaaqudgha
Makhleb
Nemelex Xobeh
Qazlal
Ru
Sif Muna
Trog
Uskayaw
Vehumet
Xom
Yredelemnul
Zin

Shops:
D:4 =


Innate Abilities, Weirdness & Mutations

You have razor-sharp toenails.
You are partially covered in yellow scales. (AC +2)
You have supernaturally acute eyesight. (SInv)
Armour fits poorly on your strangely shaped body.


Message History

The wolf spider zombie bites you.
Evoke which item? (* to show all) (? for menu, Esc to quit)
Zapping:
j - a wand of disintegration (?/24) {zapped: 10} (will waste charges)
Press: ? - help, Shift-Dir - straight line, f - wolf spider zombie
Aim: a wolf spider zombie (severely damaged, chance to defeat MR: 82%)
The wolf spider zombie is blasted.
Evoking this partially-identified wand wasted a few charges.
Your skin is crawling a little less now.
You hear a shout!
The wolf spider zombie hits you.
* * * LOW HITPOINT WARNING * * *
The wolf spider zombie bites you!
* * * LOW HITPOINT WARNING * * *
Casting: Regeneration
Confirm with . or Enter, or press ? or * to list all spells.
You blink.
The orc shouts!
The orc priest calls down the wrath of Beogh upon you.
Beogh smites you!
You die...

#. #####.[.))))........ #..
#.............). #...
#...............
#...########.....%.........
................#####....([
........<.......# #......
.......o....%)..# #......
..........%..§§.#####....>.
..........@................
.......o................###
........................#
...............######...#
....########.Z.# #...# ....
#...# #...# ... #.§.# #...#
.. #...# #...# #...# #....
.


You could see an orc priest, an orc and a wolf spider zombie.

Vanquished Creatures
  An unseen horror (D:10)
  A ghost (D:11)
  2 removed
  MONS_HILL_GIANTs Maurice (D:10)
  A kobold demonologist (D:10)
  5 trolls
  A hornet (D:10)
  A two-headed ogre (D:10)
  The ghost of Mefis the Magician, an amateur DEWz (D:3)
  A shadow (D:11)
  A steam dragon (D:9)
  2 hungry ghosts
  A water moccasin (D:8)
  2 porcupines (D:8)
  2 ice beasts
  2 black bears
  6 orc warriors
  5 sky beasts
  An eye of draining (D:10)
  7 phantoms
  A necrophage (D:9)
  9 ogres
  6 centaurs
  2 big kobolds (D:10)
  6 bullfrogs
  4 scorpions
  3 killer bees (D:11)
  5 wights (D:10)
  5 howler monkeys
  A bullfrog zombie (D:10)
  6 crimson imps
  2 quasits (D:9)
  4 centaur skeletons
  12 orc priests
  2 bullfrog skeletons
  5 hounds
  A jelly (D:8)
  14 orc wizards
  9 worker ants
  5 iguanas
  A hound skeleton (D:4)
  2 howler monkey zombies
  2 worker ant zombies
  14 gnolls
  14 adders
  4 shadow imps
  An adder zombie (D:6)
  5 adder skeletons
  A worm (D:3)
  5 dart slugs
  8 leopard geckos
  55 orcs
  3 ball pythons
  8 bats
  3 giant cockroaches
  8 goblins
  11 hobgoblins
  10 jackals
  13 kobolds
  7 quokkas
  4 frilled lizards
  A jackal skeleton (D:5)
  A jackal zombie (D:7)
  A leopard gecko skeleton (D:6)
  A leopard gecko zombie (D:5)
  A quokka skeleton (D:8)
  A quokka zombie (D:5)
  10 rats
  A bush (D:3)
342 creatures vanquished.

Vanquished Creatures (collateral kills)
  Sigmund (D:2)
  A hungry ghost (D:10)
  The ghost of anet the Magician, an amateur DEWz (D:4)
  An ice beast (D:8)
  A centaur (D:6)
  A big kobold (D:10)
  3 scorpions
  A howler monkey (D:8)
  4 orcs
  A jackal (D:5)
  2 kobolds (D:10)
17 creatures vanquished.

Vanquished Creatures (others)
  An ogre (D:7)
  An orc (D:9)
  7 fungi (D:8)
  A plant (D:8)
10 creatures vanquished.

Grand Total: 369 creatures vanquished

Notes
Turn   | Place    | Note
-------+----------+-------------------------------------------
     0 | D:1      | Mefis the Deep Elf Wizard began the quest for the Orb.
     0 | D:1      | Reached XP level 1. HP: 10/10 MP: 7/7
   192 | D:1      | Reached XP level 2. HP: 15/15 MP: 3/9
   196 | D:1      | Learned a level 2 spell: Call Imp
   199 | D:1      | Learned a level 2 spell: Blink
   202 | D:1      | Learned a level 2 spell: Repel Missiles
   934 | D:2      | Reached XP level 3. HP: 17/19 MP: 7/11
   939 | D:2      | Learned a level 3 spell: Mephitic Cloud
   942 | D:2      | Noticed Sigmund
  1122 | D:2      | Killed Sigmund
  1122 | D:2      | Reached skill level 5 in Spellcasting
  1122 | D:2      | Reached skill level 1 in Air Magic
  1122 | D:2      | Reached skill level 1 in Poison Magic
  1122 | D:2      | Reached XP level 4. HP: 15/24 MP: 3/13
  1506 | D:2      | Found a deep blue altar of Sif Muna.
  1548 | D:2      | Reached XP level 5. HP: 28/28 MP: 10/15
  1592 | D:2      | Became a worshipper of Sif Muna the Loreminder
  1597 | D:2      | Learned a level 3 spell: Conjure Flame
  1600 | D:2      | Learned a level 2 spell: Slow
  1935 | D:2      | Found a blossoming altar of Fedhas.
  2249 | D:2      | Noticed Ijyb
  2264 | D:2      | Noticed Ijyb
  2264 | D:2      | Ijyb changed into Ijyb the scorpion
  2311 | D:2      | Killed Ijyb the scorpion
  2440 | D:3      | Reached skill level 1 in Hexes
  2745 | D:3      | Found a faded altar of an unknown god.
  2894 | D:3      | Noticed Mefis's ghost (amateur DEWz)
  2913 | D:3      | Killed Mefis's ghost
  2913 | D:3      | Reached skill level 6 in Spellcasting
  2913 | D:3      | Reached skill level 1 in Invocations
  2913 | D:3      | Reached XP level 6. HP: 21/32 MP: 0/17
  3429 | D:3      | Reached * piety under Sif Muna
  3906 | D:4      | Reached XP level 7. HP: 33/36 MP: 6/18
  3984 | D:4      | Noticed anet's ghost (amateur DEWz)
  3996 | D:4      | Killed anet's ghost
  4027 | D:4      | Found a staircase to the Ecumenical Temple.
  4059 | Temple   | Entered the Ecumenical Temple
  5365 | D:4      | Found Oloarched's Jewellery Boutique.
  5435 | D:4      | Reached skill level 7 in Spellcasting
  5435 | D:4      | Reached XP level 8. HP: 32/41 MP: 3/20
  5488 | D:4      | Reached ** piety under Sif Muna
  5663 | D:5      | Entered Level 5 of the Dungeon
  6256 | D:5      | Found a sparkling altar of Nemelex Xobeh.
  6285 | D:5      | Reached skill level 5 in Stealth
  6448 | D:5      | Learned a level 4 spell: Ice Form
  6678 | D:5      | Found a basalt altar of Yredelemnul.
  6938 | D:5      | Reached *** piety under Sif Muna
  7502 | D:6      | Reached XP level 9. HP: 39/45 MP: 22/22
  7663 | D:6      | Reached skill level 8 in Spellcasting
  7663 | D:6      | Reached skill level 5 in Summonings
  8095 | D:6      | Found a hazy altar of Hepliaklqana.
  8169 | D:6      | Reached skill level 1 in Ice Magic
  8678 | D:7      | Reached **** piety under Sif Muna
  9819 | D:8      | Reached skill level 5 in Dodging
 10258 | D:8      | Gained mutation: You have a pair of small antennae on your head. [mutagenic meat]
 10259 | D:8      | Gained mutation: You are partially covered in yellow scales. (AC +2) [mutagenic meat]
 10264 | D:8      | Found a shadowy altar of Dithmenos.
 10270 | D:8      | Noticed a gargoyle
 10409 | D:8      | Reached skill level 9 in Spellcasting
 10409 | D:8      | Reached skill level 1 in Evocations
 10482 | D:8      | Found a snail-covered altar of Cheibriados.
 10877 | D:8      | Reached XP level 10. HP: 45/51 MP: 20/25
 10939 | D:8      | Reached skill level 1 in Fighting
 11209 | D:7      | Learned a level 3 spell: Inner Flame
 11214 | D:7      | Learned a level 4 spell: Cause Fear
 11282 | D:8      | Reached skill level 5 in Conjurations
 11410 | D:8      | Gained mutation: You occasionally shout uncontrollably at your foes. [mutagenic meat]
 11411 | D:8      | Gained mutation: You are robust. (+10% HP) [mutagenic meat]
 11412 | D:8      | Gained mutation: You have supernaturally acute eyesight. (SInv) [mutagenic meat]
 11413 | D:8      | Gained mutation: You have sharp toenails. [mutagenic meat]
 11541 | D:8      | Found a staircase to the Lair.
 11680 | D:8      | Learned a level 2 spell: Shroud of Golubria
 11684 | D:8      | Learned a level 3 spell: Regeneration
 11831 | D:9      | Reached ***** piety under Sif Muna
 11932 | D:9      | Identified Huqalef's Tome of Toxins (Sif Muna gifted it to you on level 9 of the Dungeon)
 11932 | D:9      | Received a gift from Sif Muna
 12027 | D:9      | Learned a level 3 spell: Ignite Poison
 12596 | D:9      | Reached skill level 5 in Translocations
 12914 | D:9      | Found a shimmering altar of Xom.
 12916 | D:9      | Found a radiant altar of Vehumet.
 12916 | D:9      | Found a shimmering altar of Xom.
 12918 | D:9      | Found a shimmering altar of Xom.
 12918 | D:9      | Found a white marble altar of Elyvilon.
 12918 | D:9      | Found a hide-covered altar of Uskayaw.
 12995 | D:10     | Entered Level 10 of the Dungeon
 13007 | D:10     | Noticed a hill giant
 13313 | D:10     | Reached skill level 5 in Hexes
 13421 | D:10     | Found a burning altar of Makhleb.
 13435 | D:10     | Reached skill level 1 in Necromancy
 13629 | D:10     | Lost mutation: You have a pair of small antennae on your head. [mutagenic meat]
 13630 | D:10     | Gained mutation: You have razor-sharp toenails. [mutagenic meat]
 13631 | D:10     | Gained mutation: Armour fits poorly on your strangely shaped body. [mutagenic meat]
 13632 | D:10     | Lost mutation: You are robust. (+10% HP) [mutagenic meat]
 13633 | D:10     | Lost mutation: You occasionally shout uncontrollably at your foes. [mutagenic meat]
 13737 | D:10     | Reached skill level 10 in Spellcasting
 13804 | D:10     | Noticed an unseen horror
 13835 | D:10     | Killed an unseen horror
 13835 | D:10     | Reached skill level 5 in Poison Magic
 14238 | D:10     | Killed a hill giant
 14238 | D:10     | Reached XP level 11. HP: 57/57 MP: 10/27
 14470 | D:10     | Noticed Maurice
 14486 | D:10     | Killed Maurice
 15415 | D:11     | Noticed a hill giant
 15416 | D:11     | Noticed a hill giant
 15565 | D:10     | Learned a level 5 spell: Venom Bolt
 15586 | D:10     | Learned a level 1 spell: Sting
 15780 | D:11     | Identified Mirchoerui's Handbook of Summoning (Sif Muna gifted it to you on level 11 of the Dungeon)
 15780 | D:11     | Received a gift from Sif Muna
 15930 | D:11     | Killed a hill giant
 16239 | D:10     | Upgraded the game from 0.20-a0-277-g7db01f4 to 0.20-a0-296-gf222164
 16507 | D:11     | Reached skill level 5 in Invocations
 16583 | D:11     | Killed from afar by an orc priest

Vault maps used:
D:1:      dpeg_arrival_lava_temple_mockup
D:2:      led_sif_pool, lemuel_coloured_pillars_altar, minmay_splitting_lines,
          uniq_iyjb, uniq_sigmund
D:3:      wad_crossroads, first_bread, chequers_ecumenical_altar_twisty,
          lexackson_kobold_supper
D:4:      nicolae_overflow_hidden_temple, serial_shops, shop_statue
D:5:      nemelex_xobeh_ov_fountains_minmay, kennysheep_mini_moat
D:6:      old_standard_altar, roderic_serpentine_path, kennysheep_generic_room_2
D:7:      grunt_ogre_cave
D:8:      lemuel_round_altar, grunt_lair_entry_orc_guard_hut, basic_altar
D:9:      doesnt_xom_only_xom
D:10:     bloody_makhleb, uniq_maurice
D:11:     hiddenorc1_lemuel, minmay_orc_keep
Temple:   minmay_temple_bridge_abc

Skill      XL: |  1  2  3  4  5  6  7  8  9 10 11 |
---------------+----------------------------------+-----
Stealth        | 3 4 5 6 7 |  7.6
Dodging        | 3 4 5 6 |  6.2
Spellcasting   | 5 6 7 9 10 | 10.8
Conjurations   | 2 3 4 5 6 |  6.0
Air Magic      | 1 2 3 |  3.6
Poison Magic   | 1 2 3 4 5 6 |  6.1
Hexes          | 1 2 3 4 5 |  5.9
Summonings     | 2 3 4 5 6 |  6.9
Invocations    | 1 2 3 4 5 |  5.0
Translocations | 2 3 4 5 |  5.9
Ice Magic      | 2 |  2.3
Evocations     | 1 3 4 |  4.4
Fighting       | 2 |  2.8
Necromancy     | 2 3 |  3.1

Action                   |  1- 3 |  4- 6 |  7- 9 | 10-12 || total
-------------------------+-------+-------+-------+-------++-------
Melee: Short sword       |     2 |    13 |       |       ||    15
       Dagger            |       |    52 |    77 |   165 ||   294
       Kick              |       |       |       |    31 ||    31
 Cast: Magic Dart        |    67 |   144 |   512 |   492 ||  1215
       Repel Missiles    |     1 |       |     2 |       ||     3
       Call Imp          |     4 |     5 |    19 |     5 ||    33
       Mephitic Cloud    |     2 |     5 |    27 |    43 ||    77
       Conjure Flame     |       |       |     9 |     6 ||    15
       Blink             |       |       |     6 |    11 ||    17
       Shroud of Golubri |       |       |       |     5 ||     5
       Regeneration      |       |       |       |     5 ||     5
       Cause Fear        |       |       |       |     1 ||     1
       Sting             |       |       |       |    85 ||    85
       Venom Bolt        |       |       |       |    12 ||    12
       Ignite Poison     |       |       |       |     9 ||     9
       Inner Flame       |       |       |       |     1 ||     1
Invok: Forget Spell      |       |       |       |     1 ||     1
Evoke: Wand              |       |     1 |    13 |     5 ||    19
       Sack of spiders   |       |       |       |     2 ||     2
  Use: Scroll            |       |       |     9 |     6 ||    15
       Potion            |       |       |     2 |     1 ||     3
 Stab: Sleeping          |       |     2 |     2 |     1 ||     5
       Confused          |       |     2 |     5 |       ||     7
  Eat: Chunk             |       |     9 |    18 |    25 ||    52
       Meat ration       |       |       |     1 |     1 ||     2
       Royal jelly       |       |       |       |     1 ||     1
Armor: Robe              |       |    11 |    24 |    52 ||    87
Dodge: Dodged            |    10 |    53 |   163 |   267 ||   493
       Deflected         |       |     1 |     4 |     3 ||     8
